 Dungeon Crawl Stone Soup version 0.29-a0-468-ge57f7f99b4 (webtiles) character file.

Game seed: 1877267993768629939

287358 Sobieck the Pyromancer (level 19, -5/144 HPs)
             Began as a Red Draconian Conjurer on May 19, 2022.
             Was the Champion of Hepliaklqana.
             Killed from afar by a ynoxinul (18 damage)
             ... with an iron shot
             ... on level 2 of the Abyss on May 21, 2022.
             The game lasted 05:04:33 (49489 turns).

Sobieck the Pyromancer (Red Draconian Conjurer)    Turns: 49489, Time: 05:04:34

Health: -5/144     AC: 16    Str:  5    XL:     19   Next: 86%
Magic:  28/41      EV: 11    Int: 29    God:    Hepliaklqana [******]
Gold:   2400       SH: 12    Dex:  5    Spells: 13/54 levels left

rFire   + + +      SeeInvis +   b - staff of fire {!astaff}
rCold   + + +      Faith    .   z - +2 kite shield {rC+}
rNeg    + . .      Spirit   .   (body armour unavailable)
rPois   +          Reflect  .   j - +3 crown of Dyrovepreva {rElec Int+2 SInv}
rElec   +          Harm     .   D - scarf {rC+ rF+}
rCorr   +          Rampage  .   v - +0 pair of gloves "Ruibang" {rC+ Str+3 Dex-5 Stlth+}
Will    ++...                   o - +1 pair of boots of Okawaru's Fury {rC+ rCorr Str-2}
Stlth   +.........              O - amulet of magic regeneration {@e2}
HPRegen 0.34/turn               d - ring of Dithmenos's Approval {Wiz rPois rN+ Str-5}
MPRegen 0.67/turn               t - ring of Fised {Fire Fly rElec Will+ Stlth-}

@: about to teleport, marked, flying, slowed, studying Crossbows, very slow
A: reduced essence, breathe fire, AC +10, unfitting armour, fire resistance 1,
cold-blooded
}: 2/15 runes: decaying, serpentine
a: Breathe Fire, Renounce Religion, Recall Ancestor, Ancestor Identity,
Transference, Idealise


You were on level 2 of the Abyss.
You worshipped Hepliaklqana.
Hepliaklqana was exalted by your worship.
You visited 8 branches of the dungeon, and saw 37 of its levels.
You visited the Abyss 2 times.
You visited 1 bazaar.
You also visited: Trove.

You collected 5255 gold pieces.
You spent 2855 gold pieces at shops.


Innate Abilities, Weirdness & Mutations

Your life essence is reduced to manifest your ancestor. (-10% HP)
You can breathe blasts of fire.
Your fiery red scales are hard. (AC +10)
You cannot fit into any form of body armour.
Your flesh is heat resistant. (rF+)
You are cold-blooded and may be slowed by cold attacks.


   Skills:
 - Level 12.0 Fighting
 - Level 5.0 Staves
 - Level 7.0 Dodging
 - Level 1.7 Stealth
 + Level 11.4 Shields
 - Level 18.0 Spellcasting
 * Level 16.9 Conjurations
 - Level 3.0 Hexes
 - Level 10.0 Summonings
 - Level 3.0 Translocations
 - Level 21.0 Fire Magic
 - Level 7.0 Earth Magic
 - Level 7.0 Invocations


You had 13 spell levels left.
You knew the following spells:

 Your Spells              Type           Power      Damage    Failure   Level
a - Sticky Flame          Conj/Fire      100%       2d11      0%          4
b - Spellforged Servitor  Conj/Summ      40%        N/A       4%          7
c - Fulminant Prism       Conj/Hex       35%        3d18      1%          4
d - Fireball              Conj/Fire      70%        3d26      1%          5
e - Iskenderun's Mystic   Conj/Tloc      71%        2d14      1%          4
f - Starburst             Conj/Fire      70%        6d18      1%          6
g - Inner Flame           Hex/Fire       100%       N/A       1%          3
i - Lehudib's Crystal Sp  Conj/Erth      38%        10d10     52%         8

Your spell library contained the following spells:

 Spells                   Type           Power      Damage    Failure   Level
 Magic Dart               Conj           100%       1d8       0%          1
 Searing Ray              Conj           100%       2d8       0%          2
 Conjure Flame            Conj/Fire      100%       6-21      0%          3
 Apportation              Tloc           86%        N/A       1%          1
 Beastly Appendage        Tmut           52%        N/A       1%          1
 Freeze                   Ice            100%       1d11      1%          1
 Necrotize                Necr           100%       1d9       1%          1
 Sandblast                Erth           100%       2d20      1%          1
 Slow                     Hex            100%       N/A       1%          1
 Summon Small Mammal      Summ           100%       N/A       1%          1
 Static Discharge         Conj/Air       66%        N/A       1%          2
 Sublimation of Blood     Necr           26%        N/A       1%          2
 Wereblood                Tmut           26%        N/A       1%          2
 Confusing Touch          Hex            43%        N/A       1%          3
 Dazzling Flash           Conj/Hex       100%       N/A       1%          3
 Gell's Gravitas          Tloc           43%        N/A       1%          3
 Ignite Poison            Fire/Tmut/Pois 100%       N/A       1%          3
 Stone Arrow              Conj/Erth      100%       3d13      1%          3
 Teleport Other           Tloc           43%        N/A       1%          3
 Hailstorm                Conj/Ice       66%        3d14      1%          4
 Leda's Liquefaction      Hex/Erth       26%        N/A       1%          4
 Summon Ice Beast         Ice/Summ       53%        N/A       1%          4
 Summon Lightning Spire   Summ/Air       53%        N/A       1%          4
 Iskenderun's Battlesphe  Conj           90%        2d14      1%          5
 Lightning Bolt           Conj/Air       33%        1d50      1%          5
 Iron Shot                Conj/Erth      38%        9d8       1%          6
 Lee's Rapid Deconstruct  Erth           30%        3d17*     2%          5
 Summon Mana Viper        Hex/Summ       59%        N/A       2%          5
 Petrify                  Tmut/Erth      46%        N/A       3%          4
 Frozen Ramparts          Ice            52%        1d7       4%          3
 Spider Form              Tmut/Pois      26%        N/A       4%          3
 Vampiric Draining        Necr           26%        2d7       4%          3
 Cause Fear               Hex            21%        N/A       4%          4
 Passage of Golubria      Tloc           43%        N/A       4%          4
 Anguish                  Hex/Necr       17%        N/A       8%          4
 Borgnjor's Vile Clutch   Necr/Erth      23%        N/A       9%          5
 Airstrike                Air            13%        N/A       13%         4
 Corpse Rot               Necr/Pois/Air  26%        N/A       13%         4
 Dispel Undead            Necr           26%        3d13      13%         4
 Ice Form                 Ice/Tmut       26%        N/A       13%         4
 Monstrous Menagerie      Summ           35%        N/A       19%         7
 Summon Hydra             Summ           35%        N/A       19%         7
 Silence                  Hex/Air        17%        N/A       21%         5
 Alistair's Intoxication  Tmut/Pois      17%        N/A       34%         5
 Blade Hands              Tmut           13%        N/A       34%         5
 Statue Form              Tmut/Erth      30%        N/A       43%         6
 Dispersal                Tloc           21%        N/A       50%         6
 Eringya's Noxious Bog    Tmut/Pois      13%        N/A       87%         6
 Discord                  Hex            21%        N/A       100%        8
 Disjunction              Tloc           21%        N/A       100%        8
 Dragon's Call            Summ           35%        N/A       100%        9
 Animate Armour           Summ/Erth      Unusable   N/A       N/A         4

Inventory:

Hand Weapons
 c - a +2 vorpal spear {polearm}
   (You took it off a spriggan on level 2 of the Swamp)
 i - the +9 hunting sling of Punishment {speed, rN+ rCorr Dex+2, sling}
   (You found it on level 3 of the Swamp)

   Attacks with this weapon are significantly faster.
   Dex:       It affects your dexterity (+2).
   rN:        It protects you from negative energy.
   rCorr:     It protects you from acid and corrosion.
 s - a +0 vorpal long sword {long}
   (You found it on level 4 of the Swamp)
 w - a +1 great mace of protection {mace}
   (You took it off a vault warden on level 1 of the Vaults)
 E - a +2 vorpal morningstar {mace}
   (You took it off an ironbound convoker on level 1 of the Vaults)
 K - a +2 battleaxe {axe}
   (You took it off a vault warden on level 1 of the Vaults)
 S - a +1 whip of electrocution {mace}
   (You took it off an orc priest on level 6 of the Dungeon)
 W - a +4 arbalest {crossbow}
   (You took it off a yaktaur on level 1 of the Vaults)
Missiles
 I - 37 javelins (quivered) {throwing}
Armour
 j - the +3 crown of Dyrovepreva (worn) {rElec Int+2 SInv}
   (You found it on level 3 of the Elven Halls)

   Int:       It affects your intelligence (+2).
   rElec:     It insulates you from electricity.
   SInv:      It lets you see invisible.
 o - the +1 pair of boots of Okawaru's Fury (worn) {rC+ rCorr Str-2}
   (You found it in a treasure trove)

   Str:       It affects your strength (-2).
   rC:        It protects you from cold.
   rCorr:     It protects you from acid and corrosion.
 v - the +0 pair of gloves "Ruibang" (worn) {rC+ Str+3 Dex-5 Stlth+}
   (You found it in a treasure trove)

   Str:       It affects your strength (+3).
   Dex:       It affects your dexterity (-5).
   rC:        It protects you from cold.
   Stlth:     It makes you more stealthy.
 z - a +2 kite shield of cold resistance (worn)
   (You took it off a naga warrior on level 2 of the Snake Pit)
 D - a scarf of resistance (worn)
   (You found it on level 4 of the Lair of Beasts)
Magical Staves
 b - a staff of fire (weapon) {!astaff}
   (You found it on level 6 of the Lair of Beasts)
Jewellery
 d - the ring of Dithmenos's Approval (left hand) {Wiz rPois rN+ Str-5}
   (You bought it in a shop on level 2 of the Snake Pit)

   [ring of wizardry]

   It improves your spell success rate.
   Str:       It affects your strength (-5).
   rPois:     It protects you from poison.
   rN:        It protects you from negative energy.
 n - the ring of the Ladybird {rPois rN+ Str-5 Int+3 Dex+2}
   (You took it off a deep elf elementalist on level 3 of the Elven Halls)

   [ring of positive energy]

   Str:       It affects your strength (-5).
   Int:       It affects your intelligence (+3).
   Dex:       It affects your dexterity (+2).
   rPois:     It protects you from poison.
   rN:        It protects you from negative energy.
 t - the ring of Fised (right hand) {Fire Fly rElec Will+ Stlth-}
   (You took it off a deep elf zephyrmancer on level 3 of the Elven Halls)

   [ring of fire]

   It enhances your fire magic.
   rF:        It protects you from fire.
   rC:        It makes you vulnerable to cold.
   rElec:     It insulates you from electricity.
   Fly:       It grants you flight.
   Will:      It increases your willpower.
   Stlth:     It makes you less stealthy.
 O - an amulet of magic regeneration (around neck) {@e2}
   (You found it on level 11 of the Dungeon)
Wands
 f - a wand of charming (1)
   (You took it off an orc on level 1 of the Elven Halls)
 A - a wand of digging (13)
   (You found it on level 4 of the Dungeon)
 G - a wand of paralysis (14)
   (You found it on level 13 of the Dungeon)
 L - a wand of mindburst (28)
   (You found it on level 8 of the Dungeon)
 M - a wand of polymorph (15)
   (You took it off an orc wizard on level 9 of the Dungeon)
 Y - a wand of iceblast (20)
   (You found it on level 3 of the Lair of Beasts)
Scrolls
 g - 3 scrolls of blinking {!r}
 y - 2 scrolls of summoning
 B - 11 scrolls of teleportation {@r4}
 F - 7 scrolls of magic mapping {!r}
 H - 12 scrolls of vulnerability {!r!r}
 J - 3 scrolls of immolation {!r!r}
 Q - 8 scrolls of fog
 T - a scroll of fear
 X - 14 scrolls of identify {@r1}
 Z - 5 scrolls of poison {!r}
Potions
 h - 5 potions of brilliance
 k - 6 potions of heal wounds {@q2}
 l - 4 potions of curing {@q1}
 m - 4 potions of lignification {!q}
 p - 7 potions of magic
 r - 3 potions of haste {@q3}
 x - 7 potions of cancellation
 C - 3 potions of ambrosia
 P - 10 potions of mutation {!q}
 R - 4 potions of invisibility
 U - 4 potions of resistance
Miscellaneous
 a - a box of beasts
   (You found it on level 3 of the Elven Halls)
 e - a lightning rod (4/4)
   (You found it on level 3 of the Elven Halls)
 q - a condenser vane
   (You found it on level 2 of the Snake Pit)
 u - a phial of floods
   (You found it on level 2 of the Snake Pit)
 N - a phantom mirror
   (You found it on level 6 of the Lair of Beasts)
 V - a tin of tremorstones (2/2) {throwing}
   (You found it on level 3 of the Elven Halls)

Dungeon Overview and Level Annotations

Branches:
Dungeon (15/15)            Temple (1/1) D:7            Lair (6/6) D:11
  Swamp (4/4) Lair:4        Snake (4/4) Lair:2        Slime (0/5) Lair:5
    Orc (2/2) D:12            Elf (3/3) Orc:2        Vaults (2/5) D:14
  Crypt (0/3) Vaults:2     Depths (0/4) D:15

Altars:
Ashenzari
Cheibriados
Dithmenos
Hepliaklqana
Kikubaaqudgha
Nemelex Xobeh
Okawaru
Ru
Trog
Xom
Yredelemnul
The Shining One
Jiyva
Lugonu

Shops:
D:5 [   D:8 *   Orc:2 [??(   Elf:2 (   Snake:2 !:!=   Snake:3 [

Portals:
Abyss: Lair:6

Annotations:
D:6 exclusion: upstairs
D:9 exclusion: downstairs
D:10 exclusion: downstairs
Swamp:3 exclusion: downstairs
Snake:1 exclusion: downstairs
Elf:1 6 runed translucent doors
Elf:2 3 runed translucent doors
Vaults:1 2 transporters

#X#### ## .
#.# . #X#
#.#####.#
..'..†.#
.#.'...x# ..
##.#5# # ..
#.#X3#5.#.#
##5@355...#
#.*5#55#..#
#.###.#.....
#§. .##...
## .# ...# #
.. .## .. ..
.


You could see a starcursed mass, a thrashing horror (strong), 2 ynoxinuls, 8
ufetubi, a friendly ancient zyme (summoned) and a friendly lurking horror
(summoned).


Message History

Your spellforged servitor disappears in a puff of smoke!
A deafening chorus of shrieks assaults your mind!
Casting: Fireball (safe; 1% risk of failure)
Confirm with . or Enter, or press ? or * to list all spells.
Aiming: Fireball (safe; 1% risk of failure)
Press: ? - help, Shift-Dir - straight line, f/p - starcursed mass
Aim: a starcursed mass (moderately damaged)
You feel a strong surge of power!
The fireball explodes!
The fireball engulfs the starcursed mass!!!
You destroy the starcursed mass!
That felt strangely unrewarding.
The fireball engulfs the starcursed mass!!
You destroy the starcursed mass!
That felt strangely unrewarding.
The fireball engulfs the large abomination!!
The fireball engulfs the starcursed mass!!!
The thrashing horror roars!
The starcursed mass shudders and is absorbed by its neighbour.
The thrashing horror churns violently!
The thrashing horror seems to grow stronger.
You block the thrashing horror's attack.
The thrashing horror tramples you.
You are shoved backwards!
A starcursed mass splits.
A chorus of shrieks assaults your mind.
You block the thrashing horror's attack.
The thrashing horror barely misses you.
A starcursed mass splits.
Casting: Fireball (safe; 1% risk of failure)
Confirm with . or Enter, or press ? or * to list all spells.
Aiming: Fireball (safe; 1% risk of failure)
Press: ? - help, Shift-Dir - straight line You feel a strong surge of power!
The fireball explodes!
The fireball engulfs the large abomination!
The thrashing horror tramples you!
You hold your ground!
The thrashing horror tramples you.
You hold your ground!
The thrashing horror tramples you!
You hold your ground!
The thrashing horror tramples you but does no damage.
A balrug comes into view.
It is wielding a +1 demon whip of electrocution.
The large abomination hits you!!
* * * LOW HITPOINT WARNING * * *
An iron imp comes into view.
The thrashing horror tramples you but does no damage.
You block the thrashing horror's attack.
A chorus of shrieks assaults your mind.
* * * LOW HITPOINT WARNING * * *
The iron imp grinds its teeth.
You block the large abomination's attack.
Unknown command.
As you read the scroll of teleportation {@r4}, it crumbles to dust.
You feel strangely unstable.
You feel the power of the Abyss delaying your translocation!
You block the thrashing horror's attack.
The thrashing horror closely misses you.
The thrashing horror tramples you.
* * * LOW HITPOINT WARNING * * *
You hold your ground!
The thrashing horror tramples you but does no damage.
The thrashing horror closely misses you.
The thrashing horror tramples you but does no damage.
You block the thrashing horror's attack.
The thrashing horror tramples you but does no damage.
The large abomination hits you!
* * * LOW HITPOINT WARNING * * *
Really read
g - 4 scrolls of blinking {!r}? [Y]es or [N]o only, please.
Really read
g - 4 scrolls of blinking {!r}? [Y]es or [N]o only, please.
Really read
g - 4 scrolls of blinking {!r}?
Blink to where?
Press: ? - help, Dir - move target 2 ynoxinuls come into view.
As you read the scroll of blinking {!r}, it crumbles to dust.
The ynoxinul hits you.
* * * LOW HITPOINT WARNING * * *
Unknown command.
As you read the scroll of summoning, it crumbles to dust.
Wisps of shadow whirl around you... The thrashing horror barely misses you.
You block the thrashing horror's attack. x3
The ynoxinul gestures.
You block the thrashing horror's attack.
The thrashing horror tramples you!
* * * LOW HITPOINT WARNING * * *
You hold your ground!
A starcursed mass splits.
Unknown command.
The ynoxinul attacks as you move away! You block the ynoxinul's attack.
The thrashing horror roars!
The thrashing horror tramples you!
* * * LOW HITPOINT WARNING * * *
You hold your ground!
The thrashing horror tramples you but does no damage.
The ynoxinul gestures.
The thrashing horror tramples you.
* * * LOW HITPOINT WARNING * * *
You hold your ground!
You block the thrashing horror's attack.
Your body is wracked with pain!
* * * LOW HITPOINT WARNING * * *
Your lurking horror dissolves into shadows!
The ynoxinul gestures.
The ynoxinul gestures at you. The iron shot hits you!!
You die...

Skill      XL: |  1  2  3  4  5  6  7  8  9 10 11 12 13 14 15 16 17 18 19 |
---------------+----------------------------------------------------------+-----
Fighting       | 1 2 3 4 5 7 10 11 12 | 12.0
Conjurations   | 5 6 7 8 9 12 13 14 15 16 | 16.9
Spellcasting   | 3 4 5 6 9 11 12 16 18 | 18.0
Hexes          | 1 2 3 |  3.0
Fire Magic     | 3 4 6 7 12 14 17 19 20 21 | 21.0
Dodging        | 3 4 5 6 7 |  7.0
Invocations    | 3 4 7 |  7.0
Translocations | 1 3 |  3.0
Staves         | 5 |  5.0
Shields        | 4 8 11 | 11.4
Earth Magic    | 5 7 |  7.0
Summonings     | 7 10 | 10.0
Stealth        | |  1.7

Action                   |  1- 3 |  4- 6 |  7- 9 | 10-12 | 13-15 | 16-18 | 19-21 || total
-------------------------+-------+-------+-------+-------+-------+-------+-------++-------
Melee: Dagger            |    53 |     9 |       |       |       |       |       ||    62
       Tailslap          |     3 |       |     2 |       |     3 |       |       ||     8
       Punch             |     1 |       |       |       |       |       |       ||     1
       Long sword        |       |     7 |     5 |       |       |       |       ||    12
       Quarterstaff      |       |       |       |       |    33 |       |       ||    33
       Staff             |       |       |       |       |     6 |       |       ||     6
 Fire: Hunting sling     |       |    67 |    53 |       |       |       |       ||   120
       Hand crossbow     |       |       |    23 |   169 |    56 |       |       ||   248
Throw: Dart              |     2 |       |       |       |       |       |       ||     2
       Stone             |       |       |       |       |    19 |       |       ||    19
       Javelin           |       |       |       |       |       |     1 |       ||     1
 Cast: Magic Dart        |    92 |     6 |       |       |       |       |       ||    98
       Searing Ray       |     5 |    27 |    37 |    23 |    12 |       |       ||   104
       Fulminant Prism   |       |       |    12 |    34 |    37 |    38 |     2 ||   123
       Sticky Flame      |       |       |     1 |     5 |     6 |    12 |     2 ||    26
       Fireball          |       |       |       |    18 |   243 |   316 |    69 ||   646
       Iskenderun's Myst |       |       |       |    10 |    18 |    23 |     1 ||    52
       Starburst         |       |       |       |     2 |    26 |    23 |     4 ||    55
       Inner Flame       |       |       |       |       |     8 |     1 |       ||     9
       Iskenderun's Batt |       |       |       |       |    18 |   103 |     7 ||   128
       Iron Shot         |       |       |       |       |     2 |    55 |       ||    57
       Spellforged Servi |       |       |       |       |       |       |    28 ||    28
Invok: Ancestor Identity |       |       |     1 |     1 |       |       |       ||     2
       Ancestor Life: Ba |       |       |     1 |       |       |       |       ||     1
       Recall Ancestor   |       |       |       |       |     8 |     6 |     1 ||    15
       Idealise          |       |       |       |       |     2 |       |       ||     2
 Abil: Breathe Fire      |       |       |    22 |    33 |    11 |    20 |     1 ||    87
Evoke: Wand              |       |     2 |     2 |       |     4 |     3 |       ||    11
  Use: Scroll            |       |    11 |     5 |    15 |     5 |     5 |     6 ||    47
       Potion            |       |       |     1 |     2 |       |     3 |       ||     6
Armor: Skin              |    23 |    35 |    32 |    22 |    46 |    36 |    12 ||   206
Dodge: Dodged            |    55 |    49 |    77 |    64 |    71 |    70 |    16 ||   402
       Repelled          |       |     1 |     4 |       |       |       |       ||     5
Block: Buckler           |       |       |       |       |     9 |    15 |       ||    24
       Kite shield       |       |       |       |       |       |     4 |    26 ||    30

Levels and vault maps discovered:
D:1:      wander_arrival_peaceful_grave, layout_basic,
          hellmonk_ecumenical_altar_crossroads
D:2:      layout_loops_ring
D:3:      layout_basic, okawaru_metal_pillars_1_2, lexackson_kobold_supper
D:4:      layout_loops_corners, minmay_misc_feat_encased,
          chequers_serial_rivers_micro_b
D:5:      layout_basic, grunt_dithmenos_smoke, serial_shops, shop
D:6:      layout_basic, gammafunk_temple_overflow_elements, minmay_between
D:7:      layout_basic, hangedman_ru_absence, kennysheep_mini_moat,
          minmay_temple_entry_tees, minivault_19, kennysheep_generic_room_2,
          uniq_duvessa
D:8:      layout_basic, nicolae_yredelemnul_corpse_copse,
          nicolae_elemental_shop, kb_lookout_dungeons_type
D:9:      layout_basic
D:10:     layout_loops_corners, nemelex_xobeh_ov_fountains_minmay,
          minmay_misc_feat_more_columns, st_stairs_9, minmay_misc_feat_iff,
          uniq_grum
D:11:     layout_roguey, minmay_lair_entry_grove, uniq_amaemon, uniq_maurice
D:12:     layout_basic, erik_orc_1, kennysheep_windowed_goal
D:13:     layout_basic
D:14:     layout_cave_pools, david_vaults_1, grunt_decor_mini_mirrors,
          nicolae_trove_entry_crystal, nicolae_burly_brawl
D:15:     hangedman_depths_entry_try_elsewhere_first, layout_loops_ring,
          kennysheep_crisscross
Temple:   zaba_magenta_temple
Lair:1:   layout_cave_shapes, st_stairs_11, lemuel_old_faithful
Lair:2:   layout_cave_pods, minmay_snake_entry_guardpost_medium, minivault_27,
          small_statue_intersection, uniq_fannar
Lair:3:   layout_long_grid
Lair:4:   layout_gridlike, swamp_mist
Lair:5:   layout_cave_pods, slime_altar_1, uniq_urug
Lair:6:   hellmonk_lair_end_abyssal_woods, layout_cave_pods
Swamp:1:  layout_basic_swamp, nicolae_swamp_godswood, swamp_pool1
Swamp:2:  nicolae_swamp_tree_isthmus, layout_basic_swamp,
          evilmike_swamp_ruin_house_2
Swamp:3:  layout_falls_marsh, evilmike_swamp_ruin_house_4
Swamp:4:  swamp, layout_basic_swamp
Snake:1:  layout_rooms, portal_ice_cave_entry_pillars_three, grunt_megastairs_5,
          lemuel_fruit_tree, uniq_roxanne, uniq_jorgrun, uniq_frances,
          uniq_josephine
Snake:2:  layout_rooms, basic_altar, grunt_megastairs_1, minmay_shoptagon,
          serial_bayou_shore_b, serial_bayou_shore_b, uniq_aizul
Snake:3:  layout_cave_town, serial_shops, nicolae_shop_hallway_stairs,
          grunt_megastairs_2
Snake:4:  hellmonk_snake_rune_quicksilver_temple, layout_misc_corridors,
          basic_altar, uniq_kirke
Orc:1:    layout_caves, nicolae_orc_lava_tube, nooodl_orcs_dogs, uniq_harold
Orc:2:    st_orc_elflike, layout_caves, mines3_lemuel
Elf:1:    eino_elf_arrival_customs, layout_gridlike, orc_legates
Elf:2:    elven_hall_of_blades_hangedman_original [mumra_blade_entry_dagger],
          layout_loops_cross, serial_shops, shop
Elf:3:    elf_hall, layout_rooms, minivault_27, minmay_strange_pillars
Vaults:1: portal_desolation_entry_salt, serial_ice_b, v_misc_22,
          nicolae_vaults_twisting_passages, gammafunk_its_a_trap,
          grunt_vaults_hallway_short, v_misc_4, hangedman_vaults_maws,
          v_pattern_5, layout_vaults_omnibox
Vaults:2: nicolae_vaults_stairing_the_circle, vaults_mumra_minichess,
          dpeg_vaults_waves, grunt_vaults_funnel, nicolae_vaults_specimen_jars,
          grunt_vaults_trifunnel, nicolae_vaults_asterisk,
          hangedman_vaults_capsules, vaults_room_door_hall,
          nicolae_vaults_little_squares_3, nicolae_vaults_circle_grid_a,
          ontoclasm_vaults_ring_large, layout_vaults_maze,
          minmay_crypt_entry_necro_gods, serial_shops, bzr_entry_lakeside
Abyss:2:  base: Lair:6, due_exit_kobolds, due_exit_kobolds,
          hangedman_abyss_monster_moat, base:
Elf:1

Notes
Turn   | Place    | Note
-------+----------+-------------------------------------------
     0 | D:1      | Sobieck the Draconian Conjurer began the quest for the Orb.
     0 | D:1      | Reached XP level 1. HP: 14/14 MP: 3/3
   161 | D:1      | You add the spells Gell's Gravitas, Teleport Other and
                  | Dispersal to your library.
   211 | D:1      | Reached XP level 2. HP: 22/22 MP: 0/5
   353 | D:1      | Learned a level 2 spell: Searing Ray
   600 | D:1      | Reached skill level 1 in Fighting
  1079 | D:1      | Found a faded altar of an unknown god.
  1082 | D:1      | Reached XP level 3. HP: 28/28 MP: 3/6
  2681 | D:3      | Noticed a scorpion
  2686 | D:3      | Killed a scorpion
  2687 | D:3      | Reached skill level 2 in Fighting
  2687 | D:3      | Reached skill level 5 in Conjurations
  2687 | D:3      | Reached XP level 4. HP: 36/36 MP: 1/8
  2704 | D:3      | Learned a level 4 spell: Fulminant Prism
  2874 | D:3      | Reached XP level 5. HP: 41/41 MP: 4/9
  2877 | D:3      | Reached skill level 3 in Spellcasting
  3263 | D:4      | Reached skill level 1 in Hexes
  3308 | D:4      | Identified a scroll of acquirement
  3308 | D:4      | Acquired 708 gold pieces
  3316 | D:3      | Found an iron altar of Okawaru.
  3966 | D:5      | Entered Level 5 of the Dungeon
  3967 | D:5      | Noticed an ice beast
  4059 | D:4      | You pick up a book of Changes and begin reading...
  4059 | D:4      | You add the spells Beastly Appendage, Wereblood and Spider
                  | Form to your library.
  4136 | D:4      | Reached XP level 6. HP: 50/50 MP: 10/10
  4634 | D:4      | Reached skill level 3 in Fighting
  4634 | D:4      | Reached skill level 6 in Conjurations
  5305 | D:5      | Found a shadowy altar of Dithmenos.
  5305 | D:5      | Found Kaplyttyag's Antique Armour Shoppe.
  5305 | D:5      | You fall into a shaft and drop 2 floors!
  5307 | D:7      | Noticed an ice beast
  5308 | D:7      | Found a staircase to the Ecumenical Temple.
  5312 | D:8      | Found Ruippops's Elemental Accessories.
  5329 | D:7      | Killed an ice beast
  5409 | Temple   | Entered the Ecumenical Temple
  5413 | Temple   | Became a worshipper of Hepliaklqana the Forgotten
  5444 | D:7      | Reached skill level 2 in Hexes
  5444 | D:7      | Your scales start taking on a fiery red colour.
  5444 | D:7      | Reached XP level 7. HP: 56/57 MP: 4/12
  5444 | D:7      | Gained mutation: Your flesh is heat resistant. (rF+) [Red
                  | Draconian growth]
  5858 | D:7      | Found a sacrificial altar of Ru.
  5880 | D:7      | Reached skill level 4 in Spellcasting
  5932 | D:7      | Noticed a steam dragon
  5937 | D:7      | Killed a steam dragon
  5938 | D:7      | Reached skill level 4 in Fighting
  5938 | D:7      | Reached skill level 7 in Conjurations
  5961 | D:7      | Noticed Dowan
  6156 | D:6      | Reached skill level 3 in Hexes
  6156 | D:6      | Reached XP level 8. HP: 67/67 MP: 10/14
  6417 | D:6      | You pick up a book of Touch and begin reading...
  6417 | D:6      | You add the spells Static Discharge, Sticky Flame and
                  | Dispel Undead to your library.
  6423 | D:6      | Learned a level 4 spell: Sticky Flame
  6721 | D:5      | Reached skill level 1 in Fire Magic
  6815 | D:5      | Reached skill level 8 in Conjurations
  6953 | D:5      | Reached skill level 5 in Fighting
  6953 | D:5      | Reached skill level 2 in Fire Magic
  7230 | D:5      | Reached skill level 5 in Spellcasting
  7293 | D:5      | You pick up a book of Cantrips and begin reading...
  7293 | D:5      | You add the spells Necrotize, Summon Small Mammal and
                  | Apportation to your library.
  7470 | D:5      | Reached * piety under Hepliaklqana
  7685 | D:6      | Reached skill level 3 in Fire Magic
  7685 | D:6      | Reached XP level 9. HP: 53/66 MP: 5/16
  7900 | D:6      | Reached skill level 9 in Conjurations
  8069 | D:6      | Found a shimmering altar of Xom.
  8069 | D:6      | Found an ancient bone altar of Kikubaaqudgha.
  8147 | D:7      | Found a bloodstained altar of Trog.
  8350 | D:7      | Reached skill level 6 in Fighting
  8350 | D:7      | Reached skill level 4 in Fire Magic
  8738 | D:7      | Killed Dowan
  8755 | D:7      | Noticed Duvessa
  8762 | D:7      | Killed Duvessa
  8763 | D:7      | Reached skill level 6 in Spellcasting
  9034 | D:8      | Reached skill level 2 in Dodging
  9035 | D:8      | Reached skill level 1 in Invocations
  9040 | D:8      | Reached skill level 7 in Fighting
  9147 | D:8      | Reached skill level 2 in Invocations
  9184 | D:8      | Bought the Disquisition on the Blaze for 340 gold pieces
  9184 | D:8      | You add the spells Conjure Flame, Fireball and Starburst to
                  | your library.
  9190 | D:8      | Learned a level 5 spell: Fireball
  9226 | D:8      | Reached skill level 3 in Dodging
  9438 | D:8      | Reached skill level 3 in Invocations
  9649 | D:8      | You pick up a book of Changes and begin reading...
  9707 | D:8      | Reached ** piety under Hepliaklqana
  9708 | D:8      | Remembered your ancestor Hank as a battlemage
  9780 | D:8      | Reached XP level 10. HP: 77/77 MP: 20/20
  9787 | D:8      | Reached skill level 5 in Fire Magic
 10023 | D:8      | Found a basalt altar of Yredelemnul.
 10129 | D:9      | Reached skill level 7 in Spellcasting
 10206 | D:9      | Reached skill level 4 in Invocations
 10209 | D:9      | Reached skill level 4 in Dodging
 10253 | D:10     | Entered Level 10 of the Dungeon
 10253 | D:10     | Noticed a two-headed ogre
 10324 | D:9      | Reached skill level 6 in Fire Magic
 10848 | D:10     | Found the +4 robe of Augmentation {Str+4 Int+4 Dex+4}
 11025 | D:10     | Reached skill level 8 in Spellcasting
 11133 | D:10     | Noticed Grum
 11137 | D:10     | Killed Grum
 11617 | D:10     | Reached *** piety under Hepliaklqana
 11806 | D:10     | Reached skill level 9 in Spellcasting
 11818 | D:10     | Killed a two-headed ogre
 12144 | D:10     | Found a sparkling altar of Nemelex Xobeh.
 12235 | D:11     | Noticed a cyclops
 12239 | D:11     | Killed a cyclops
 12240 | D:11     | Reached XP level 11. HP: 82/82 MP: 13/24
 12388 | D:11     | Noticed Amaemon
 12397 | D:11     | Killed Amaemon
 12398 | D:11     | Reached skill level 10 in Conjurations
 12526 | D:11     | Noticed a two-headed ogre
 12532 | D:11     | Killed a two-headed ogre
 12533 | D:11     | Reached skill level 10 in Spellcasting
 12869 | D:11     | Noticed an eight-headed hydra
 12873 | D:11     | Killed an eight-headed hydra
 12874 | D:11     | Reached skill level 11 in Conjurations
 13019 | D:11     | Reached skill level 11 in Spellcasting
 13066 | D:11     | Noticed a cyan ugly thing
 13072 | D:11     | Killed a cyan ugly thing
 13187 | D:11     | Found a staircase to the Lair.
 13208 | D:11     | Learned a level 4 spell: Iskenderun's Mystic Blast
 13433 | D:11     | Noticed Maurice
 13436 | D:11     | Killed Maurice
 13444 | D:11     | Reached skill level 12 in Conjurations
 13532 | Lair:1   | Entered Level 1 of the Lair of Beasts
 13535 | Lair:1   | Reached skill level 1 in Translocations
 13764 | Lair:1   | Reached skill level 7 in Fire Magic
 13799 | Lair:1   | Reached XP level 12. HP: 78/90 MP: 22/27
 13802 | Lair:1   | Reached skill level 8 in Fire Magic
 14021 | Lair:1   | Reached skill level 9 in Fire Magic
 14282 | Lair:1   | Reached skill level 10 in Fire Magic
 14434 | Lair:1   | Learned a level 6 spell: Starburst
 14661 | Lair:1   | Reached skill level 11 in Fire Magic
 14725 | Lair:1   | Reached **** piety under Hepliaklqana
 14864 | Lair:2   | Noticed a four-headed hydra
 14869 | Lair:2   | Killed a four-headed hydra
 14987 | Lair:2   | Reached skill level 5 in Invocations
 15242 | Lair:2   | Noticed Fannar
 15246 | Lair:2   | Killed Fannar
 15247 | Lair:2   | Reached skill level 12 in Fire Magic
 15260 | Lair:2   | Reached skill level 6 in Invocations
 15430 | Lair:2   | Noticed a six-headed hydra
 15437 | Lair:2   | Killed a six-headed hydra
 15846 | Lair:2   | Found a staircase to the Snake Pit.
 15854 | Lair:2   | Identified the +9 quarterstaff of the Apocalypse {elec,
                  | *Slow rC++ Will++}
 16370 | Lair:3   | Noticed a boulder beetle
 16537 | Lair:3   | Killed a boulder beetle
 16585 | Lair:3   | Reached ***** piety under Hepliaklqana
 17040 | Lair:4   | Reached skill level 7 in Invocations
 17043 | Lair:4   | Reached skill level 5 in Dodging
 17043 | Lair:4   | Reached XP level 13. HP: 96/96 MP: 13/28
 17044 | Lair:4   | Reached skill level 8 in Fighting
 17138 | Lair:4   | You pick up a book of the Earth and begin reading...
 17138 | Lair:4   | You add the spells Leda's Liquefaction, Lee's Rapid
                  | Deconstruction and Statue Form to your library.
 17443 | Lair:4   | You pick up a book of Hexes and begin reading...
 17443 | Lair:4   | You add the spells Inner Flame, Cause Fear and Discord to
                  | your library.
 17448 | Lair:4   | Learned a level 3 spell: Inner Flame
 17735 | Lair:4   | Found a staircase to the Swamp.
 17976 | Lair:5   | Reached skill level 13 in Fire Magic
 17989 | Lair:6   | Entered Level 6 of the Lair of Beasts
 18044 | Lair:5   | Noticed Urug
 18052 | Lair:5   | Killed Urug
 18470 | Lair:5   | Found a viscous altar of Jiyva.
 18470 | Lair:5   | Found a staircase to the Slime Pits.
 18483 | Lair:5   | Reached skill level 14 in Fire Magic
 18857 | Lair:5   | Reached skill level 1 in Staves
 19265 | Lair:6   | Reached skill level 2 in Staves
 19736 | Lair:6   | Reached ****** piety under Hepliaklqana
 20171 | Lair:6   | Reached skill level 3 in Staves
 20235 | Lair:6   | Reached skill level 6 in Dodging
 20271 | Lair:6   | Reached skill level 9 in Fighting
 20368 | Lair:6   | Reached skill level 4 in Staves
 20735 | Lair:6   | Reached skill level 5 in Staves
 20747 | Lair:6   | Reached skill level 10 in Fighting
 20873 | Lair:6   | Identified the +4 leather armour of Morality {+Blink Str+5}
 20933 | Lair:6   | Upgraded the game from 0.29-a0-451-gfbfa42419e to
                  | 0.29-a0-459-g97dee8cd24
 20949 | Lair:6   | Found a corrupted altar of Lugonu.
 20954 | Lair:6   | Found a one-way gate to the infinite horrors of the Abyss.
 21803 | D:12     | Reached XP level 14. HP: 108/108 MP: 25/29
 22283 | D:12     | Reached skill level 15 in Fire Magic
 22526 | D:12     | Found a staircase to the Orcish Mines.
 22876 | Orc:1    | Entered Level 1 of the Orcish Mines
 22887 | Orc:1    | Noticed Harold
 22953 | Orc:1    | Killed Harold
 23502 | Orc:1    | Reached skill level 16 in Fire Magic
 23699 | Orc:2    | Entered Level 2 of the Orcish Mines
 23699 | Orc:2    | Found a staircase to the Elven Halls.
 23760 | Orc:2    | Noticed an orc warlord
 23769 | Orc:2    | Killed an orc warlord
 24571 | Orc:2    | Reached skill level 1 in Shields
 24674 | Orc:2    | Reached skill level 2 in Shields
 24904 | Orc:2    | Reached skill level 3 in Shields
 25047 | Orc:2    | Reached skill level 17 in Fire Magic
 25052 | Orc:2    | Reached skill level 2 in Translocations
 25178 | Orc:2    | Found Xojyor's Antique Weapon Shop.
 25178 | Orc:2    | Found Zoamped's Armour Shop.
 25179 | Orc:2    | Found Viqag's Magic Scroll Emporium.
 25179 | Orc:2    | Found Gakhaupi's Magic Scroll Emporium.
 25727 | D:13     | Reached skill level 4 in Shields
 26051 | D:13     | Reached skill level 3 in Translocations
 26348 | D:13     | You pick up a book of Blood and begin reading...
 26348 | D:13     | You add the spells Sublimation of Blood and Summon Hydra to
                  | your library.
 26696 | D:14     | Reached skill level 13 in Conjurations
 26992 | D:14     | Reached XP level 15. HP: 113/113 MP: 22/30
 26997 | D:14     | Reached skill level 18 in Fire Magic
 27145 | D:14     | You pick up a book of the Moon and begin reading...
 27145 | D:14     | You add the spells Passage of Golubria, Silence and
                  | Lehudib's Crystal Spear to your library.
 27210 | D:14     | You pick up a book of Debilitation and begin reading...
 27210 | D:14     | You add the spells Slow, Vampiric Draining and Confusing
                  | Touch to your library.
 27636 | D:14     | Found a gate to the Vaults.
 27842 | D:14     | Found a portal to a secret trove of treasure.
 27850 | D:14     | This trove needs 16 potions of curing to function. Give it
                  | the items?
 27927 | D:15     | Entered Level 15 of the Dungeon
 27951 | D:15     | Reached skill level 12 in Spellcasting
 28065 | D:15     | Paralysed by an ogre mage for 2 turns
 28212 | D:15     | You pick up a book of Beasts and begin reading...
 28212 | D:15     | You add the spells Summon Ice Beast, Summon Mana Viper and
                  | Monstrous Menagerie to your library.
 28363 | D:15     | Paralysed by an ogre mage for 4 turns
 28380 | D:15     | Reached skill level 14 in Conjurations
 28974 | D:15     | You pick up a book of Power and begin reading...
 28974 | D:15     | You add the spells Iskenderun's Battlesphere, Iron Shot and
                  | Spellforged Servitor to your library.
 28981 | D:15     | Learned a level 5 spell: Iskenderun's Battlesphere
 28988 | D:15     | Learned a level 6 spell: Iron Shot
 29075 | D:15     | Reached skill level 7 in Dodging
 29087 | D:15     | Found a staircase to the Depths.
 29323 | Snake:1  | Entered Level 1 of the Snake Pit
 29323 | Snake:1  | Identified Roxanne's Collected Works on the Rocks
 29323 | Snake:1  | Noticed Roxanne
 29436 | Snake:1  | Noticed Frances
 29437 | Snake:1  | Killed Roxanne
 29438 | Snake:1  | Reached skill level 1 in Earth Magic
 29725 | Snake:1  | Reached skill level 2 in Earth Magic
 29727 | Snake:1  | Killed Frances
 29728 | Snake:1  | Reached skill level 3 in Earth Magic
 29929 | Snake:1  | Reached skill level 4 in Earth Magic
 29942 | Snake:1  | Noticed Jorgrun
 30044 | Snake:1  | Killed Jorgrun
 30045 | Snake:1  | Reached skill level 5 in Earth Magic
 30108 | Snake:1  | You add the spells Sandblast and Stone Arrow to your
                  | library.
 30763 | Snake:1  | Noticed Josephine
 30766 | Snake:1  | Killed Josephine
 30952 | Snake:3  | Reached skill level 19 in Fire Magic
 30952 | Snake:3  | Reached XP level 16. HP: 120/120 MP: 26/32
 31025 | Snake:2  | You fall into a shaft and drop 1 floor!
 31265 | Snake:2  | Noticed Aizul
 31275 | Snake:1  | HP: 27/120 [poisoned by Aizul (poison arrow)]
 31280 | Snake:1  | HP: 21/120 [poisoned by Aizul (poison arrow)]
 31855 | Snake:2  | Reached skill level 6 in Earth Magic
 31860 | Snake:2  | Killed Aizul
 31864 | Snake:2  | HP: 30/120 [poisoned by a salamander]
 31869 | Snake:2  | HP: 16/120 [poisoned by a salamander]
 31875 | Snake:2  | HP: 23/120 [something (15)]
 32280 | Snake:2  | Found a hazy altar of Hepliaklqana.
 32414 | Snake:2  | Found Doke's Distillery.
 32420 | Snake:2  | Found Erant's Distillery.
 32420 | Snake:2  | Found Qet Moilob's Book Shop.
 32425 | Snake:2  | Found Awaefism's Jewellery Boutique.
 32590 | Snake:2  | Reached skill level 7 in Earth Magic
 32728 | Snake:2  | Reached skill level 13 in Spellcasting
 32759 | Snake:2  | HP: 27/120 [black mamba[a naga ritualist] (13)]
 32765 | Snake:1  | HP: 27/120 [poisoned by a black mamba]
 32770 | Snake:1  | HP: 18/120 [poisoned by a black mamba]
 32775 | Snake:1  | HP: 15/120 [poisoned by a black mamba]
 33224 | Snake:2  | Bought the ring of Dithmenos's Approval {Wiz rPois rN+
                  | Str-5} for 453 gold pieces
 33238 | Snake:2  | Bought a manual of Spellcasting for 1120 gold pieces
 33596 | Snake:3  | You pick up a book of Cantrips and begin reading...
 33742 | Snake:3  | Found Usyib's Armour Shop.
 34274 | Snake:4  | Entered Level 4 of the Snake Pit
 34611 | Snake:4  | Noticed Kirke
 34615 | Snake:4  | Killed Kirke
 34616 | Snake:4  | Reached skill level 14 in Spellcasting
 34681 | Snake:4  | Reached skill level 15 in Conjurations
 35142 | Snake:4  | You pick up a book of Rime and begin reading...
 35142 | Snake:4  | You add the spells Frozen Ramparts and Ice Form to your
                  | library.
 35179 | Snake:4  | Reached skill level 15 in Spellcasting
 35542 | Snake:4  | Reached skill level 16 in Spellcasting
 35557 | Snake:4  | Reached XP level 17. HP: 126/126 MP: 22/37
 35813 | Snake:4  | Reached skill level 17 in Spellcasting
 35905 | Snake:4  | Got a serpentine rune of Zot
 35906 | Snake:4  | Noticed a quicksilver dragon
 35909 | Snake:4  | Killed a quicksilver dragon
 35955 | Snake:4  | Noticed a quicksilver dragon
 35958 | Snake:4  | Killed a quicksilver dragon
 36030 | Snake:4  | Found a sacrificial altar of Ru.
 36839 | Elf:1    | Entered Level 1 of the Elven Halls
 36976 | Elf:1    | Reached skill level 18 in Spellcasting
 37279 | Elf:1    | Identified the +8 flail "Xab Odgh" {flame, rC+}
 37868 | Elf:1    | Found a runed translucent gate.
 37868 | Elf:1    | Found a runed translucent gate.
 37868 | Elf:1    | Found a runed translucent gate.
 37868 | Elf:1    | Found a runed translucent gate.
 37868 | Elf:1    | Found a runed translucent gate.
 37870 | Elf:1    | Found a runed translucent gate.
 37881 | Elf:1    | You pick up a book of Changes and begin reading...
 37992 | Elf:1    | Reached skill level 20 in Fire Magic
 38193 | Elf:1    | You pick up a book of Frost and begin reading...
 38193 | Elf:1    | You add the spells Freeze and Hailstorm to your library.
 38341 | Elf:1    | Paralysed by an air elemental for 1 turns
 38887 | Elf:2    | You pick up a book of Storms and begin reading...
 38887 | Elf:2    | You add the spells Airstrike, Summon Lightning Spire and
                  | Lightning Bolt to your library.
 38906 | Elf:2    | Reached skill level 16 in Conjurations
 39411 | Snake:2  | Bought a potion of curing for 45 gold pieces
 39411 | Snake:2  | Bought a potion of curing for 45 gold pieces
 39420 | Snake:2  | Bought a potion of curing for 45 gold pieces
 39420 | Snake:2  | Bought a potion of curing for 45 gold pieces
 39420 | Snake:2  | Bought a potion of curing for 45 gold pieces
 39420 | Snake:2  | Bought a potion of curing for 45 gold pieces
 39659 | D:14     | This trove needs 16 potions of curing to function. Give it
                  | the items?
 39659 | D:14     | You paid a toll of 16 potions of curing to enter a treasure
                  | trove
 39660 | Trove    | Entered a treasure trove
 39663 | Trove    | Found the +2 cloak of the Thief {*Fog Slay-2 SInv Stlth+}
 39667 | Trove    | Identified the +0 pair of boots of Circular Logic {Rampage
                  | Will++}
 39669 | Trove    | Identified the +5 kite shield of the Ward {Harm Fly rPois
                  | Str-4}
 39671 | Trove    | Identified the +1 pair of boots of Okawaru's Fury {rC+
                  | rCorr Str-2}
 39673 | Trove    | Identified the +0 pair of gloves "Ruibang" {rC+ Str+3 Dex-5
                  | Stlth+}
 39679 | Trove    | Identified the +1 robe of the Pleiades {rN+}
 39680 | Trove    | Identified the +1 pair of gloves of Valour {Harm Rampage
                  | rPois Dex-4}
 39682 | Trove    | Identified the +4 pair of boots of the Dice {rN++ MP-9
                  | Slay+4 SInv}
 39684 | Trove    | Identified the +1 kite shield "Okurut" {rCorr Stlth+}
 40058 | Elf:2    | Found Tasitudu's Weapon Emporium.
 40121 | Elf:2    | You pick up a book of Power and begin reading...
 40139 | Elf:2    | Paralysed by an air elemental for 1 turns
 40320 | Elf:2    | Found a runed translucent gate.
 40320 | Elf:2    | Found a runed translucent gate.
 40320 | Elf:2    | Found a runed translucent gate.
 40327 | Elf:2    | Upgraded the game from 0.29-a0-459-g97dee8cd24 to
                  | 0.29-a0-468-ge57f7f99b4
 40357 | Elf:3    | Entered Level 3 of the Elven Halls
 40361 | Elf:3    | Reached skill level 11 in Fighting
 40439 | Elf:3    | You are cast into the Abyss!
 40439 | Elf:3    | Cast into level 2 of the Abyss (a deep elf sorcerer)
 40561 | Abyss:2  | Found a corrupted altar of Lugonu.
 40570 | Abyss:2  | c - a +1 quick blade of distortion {!wshortrare=g}
 40579 | Elf:3    | You pass through the gate.
 40579 | Elf:3    | Escaped the Abyss
 40585 | Elf:3    | Reached XP level 18. HP: 126/134 MP: 18/40
 40916 | Elf:3    | Paralysed by an air elemental for 1 turns
 41003 | Elf:3    | Reached skill level 12 in Fighting
 41668 | Elf:3    | Identified the +9 battleaxe of Riywumnoe {freeze, +Blink
                  | Dex+3}
 42157 | Elf:3    | a deep elf death mage comes into view. It is wielding a +0
                  | flail of protection and wearing the +4 Cigotuvi's embrace
                  | {rMiasma Drain rN+}.
 42158 | Elf:3    | Reached skill level 5 in Shields
 42159 | Elf:3    | Identified the ring of Fised {Fire Fly rElec Will+ Stlth-}
 42162 | Elf:3    | Identified the ring of the Ladybird {rPois rN+ Str-5 Int+3
                  | Dex+2}
 42162 | Elf:3    | a deep elf elementalist comes into view. It is wielding the
                  | +13 scythe of Curses {drain, Drain} and wearing the ring of
                  | the Ladybird {rPois rN+ Str-5 Int+3 Dex+2}.
 42164 | Elf:3    | Identified the ring "Likuklur" {rF+ Will+ Str+5 Dex-2}
 42264 | Elf:3    | Aim: a deep elf elementalist, wielding the +13 scythe of
                  | Curses {drain, Drain} and wearing the ring of the Ladybird
                  | {rPois rN+ Str-5 Int+3 Dex+2} (heavily wounded, fast,
                  | repelling missiles, ally target)
 42264 | Elf:3    | Aim: a deep elf elementalist, wielding the +13 scythe of
                  | Curses {drain, Drain} and wearing the ring of the Ladybird
                  | {rPois rN+ Str-5 Int+3 Dex+2} (heavily wounded, fast,
                  | repelling missiles, ally target)
 42396 | Elf:3    | You drop a +1 quick blade of distortion {!wshortrare=g}.
 42694 | Elf:3    | Reached skill level 6 in Shields
 42694 | Elf:3    | Reached skill level 21 in Fire Magic
 42705 | Elf:3    | Identified the amulet "Fusa Upa" {Spirit *Slow rCorr MP+9}
 42850 | Elf:3    | Learned a level 7 spell: Spellforged Servitor
 42928 | Elf:3    | Found the +3 crown of Dyrovepreva {rElec Int+2 SInv}
 42934 | Elf:3    | You add the spells Corpse Rot and Borgnjor's Vile Clutch to
                  | your library.
 42934 | Elf:3    | Got the Disquisition on Evil Calling
 42935 | Elf:3    | Identified the +8 fustibalus of the Twisting Gods {venom,
                  | Str+2 Dex+2}
 42937 | Elf:3    | You pick up a book of the Warp and begin reading...
 42961 | Elf:3    | Got Ebesiusmu's Volume of Torrid Sinister Rites
 43007 | Elf:3    | You pick up a book of Touch and begin reading...
 43011 | Elf:3    | You pick up a book of Rime and begin reading...
 43075 | Elf:3    | s - a +1 quick blade of distortion {!wshortrare=g}
 43165 | Elf:3    | You add the spells Petrify and Dragon's Call to your
                  | library.
 43165 | Elf:3    | Got Zunn's Papyrus of Mutagenic Creation
 43173 | Elf:3    | You drop a +1 quick blade of distortion {!wshortrare=g}.
 43177 | Elf:3    | s - a +1 quick blade of distortion {!wshortrare=g}
 43349 | Elf:3    | You drop a +1 quick blade of distortion {!wshortrare=g}.
 43639 | Swamp:1  | Entered Level 1 of the Swamp
 43649 | Swamp:1  | Reached skill level 1 in Summonings
 43784 | Swamp:1  | Reached skill level 2 in Summonings
 43926 | Swamp:1  | Noticed a tentacled monstrosity
 43930 | Swamp:1  | Killed a tentacled monstrosity
 44078 | Swamp:1  | Found a hazy altar of Hepliaklqana.
 44234 | Swamp:2  | Reached skill level 3 in Summonings
 44319 | Swamp:2  | Reached skill level 7 in Shields
 44319 | Swamp:2  | Reached skill level 4 in Summonings
 44490 | Swamp:2  | Identified the +7 flail of Fury {elec, rPois Str+2}
 44545 | Swamp:2  | Reached skill level 5 in Summonings
 45133 | Swamp:3  | Reached skill level 6 in Summonings
 45185 | Swamp:3  | Identified the +9 hunting sling of Punishment {speed, rN+
                  | rCorr Dex+2}
 45453 | Swamp:3  | You pick up a book of Iron and begin reading...
 45460 | Swamp:3  | You add the spells Alistair's Intoxication and Eringya's
                  | Noxious Bog to your library.
 45497 | Swamp:4  | Entered Level 4 of the Swamp
 45502 | Swamp:4  | Reached skill level 8 in Shields
 45824 | Swamp:4  | Reached skill level 7 in Summonings
 45902 | Swamp:4  | Reached XP level 19. HP: 143/144 MP: 11/41
 45981 | Swamp:4  | Reached skill level 9 in Shields
 46185 | Swamp:4  | Reached skill level 8 in Summonings
 46531 | Swamp:4  | Got a decaying rune of Zot
 46850 | Vaults:1 | Entered Level 1 of the Vaults
 46917 | Vaults:1 | Reached skill level 9 in Summonings
 46924 | Vaults:1 | Reached skill level 10 in Shields
 47225 | Vaults:1 | Learned a level 8 spell: Lehudib's Crystal Spear
 47248 | Vaults:1 | Found a crumbling gateway.
 48456 | Vaults:1 | Reached skill level 10 in Summonings
 48722 | Vaults:1 | Reached skill level 11 in Shields
 48916 | Vaults:1 | Found a transporter.
 48952 | Vaults:1 | Found a transporter.
 49130 | Vaults:2 | Found a flickering gateway to a bazaar.
 49139 | Bazaar   | Entered a bazaar
 49165 | Bazaar   | Found Zicvuep's Weapon Emporium.
 49182 | Bazaar   | Found Lexuesi's Assorted Antiques.
 49198 | Bazaar   | Found Hiuxzez's Armour Shoppe.
 49216 | Bazaar   | Found Bicoamur's Distillery.
 49216 | Bazaar   | Found Saloenei's Weapon Shoppe.
 49259 | Bazaar   | Bought a potion of invisibility for 128 gold pieces
 49259 | Bazaar   | Bought a potion of mutation for 128 gold pieces
 49259 | Bazaar   | Bought a potion of curing for 48 gold pieces
 49259 | Bazaar   | Bought a potion of resistance for 160 gold pieces
 49259 | Bazaar   | Bought a potion of resistance for 160 gold pieces
 49259 | Bazaar   | Bought a potion of curing for 48 gold pieces
 49433 | Vaults:2 | You are cast into the Abyss!
 49433 | Vaults:2 | Cast into level 2 of the Abyss (a wizard)
 49488 | Abyss:2  | HP: 31/144 [thrashing horror (8)]
 49489 | Abyss:2  | HP: 13/144 [lurking horror[the player character] (8)]
 49489 | Abyss:2  | Killed from afar by a ynoxinul

Vanquished Creatures
  2 deep elf master archers (Elf:3)
  Jorgrun (Snake:1)
  2 deep elf blademasters (Elf:3)
  2 quicksilver dragons (Snake:4)
  Kirke (Snake:4)
  Frances (Snake:1)
  A thorn hunter (Swamp:4)
  A nagaraja (Snake:4)
  Aizul (Snake:2)
  2 deep elf sorcerers (Elf:3)
  An orc warlord (Orc:2)
  3 deep elf elementalists (Elf:3)
  2 ironbound thunderhulks (Vaults:1)
  2 very ugly things (Vaults:1)
  An ironbound preserver (Vaults:1)
  3 deep elf demonologists
  An eleionoma (Swamp:2)
  4 deep elf annihilators (Elf:3)
  2 bunyips
  3 dire elephants (Vaults:1)
  Josephine (Snake:1)
  A blizzard demon (Abyss:2)
  6 deep elf death magi (Elf:3)
  4 deep elf high priests
  A shambling mangrove (Swamp:4)
  A great orb of eyes (Vaults:2)
  2 boulder beetles
  17 hydras
  2 rakshasas (D:14)
  An ogre mage (D:15)
  A ghost crab (Swamp:4)
  5 salamander tyrants (Snake:4)
  A catoblepas (Lair:5)
  8 anacondas
  Harold (Orc:1)
  7 naga warriors
  8 dancing weapons
  A death knight (D:14)
  7 centaur warriors
  4 two-headed ogres
  An ironbound frostheart (Vaults:1)
  A tengu warrior (D:15)
  A death yak (Lair:4)
  9 alligators
  2 thrashing horrors (Lair:6)
  3 orc high priests
  A shock serpent (shapeshifter) (D:13)
  7 naga sharpshooters
  15 deep elf knights
  6 shock serpents
  Amaemon (D:11)
  3 salamander mystics
  5 skeletal warriors (D:15)
  4 goliath frogs
  2 spriggan druids (Swamp:3)
  11 deep elf archers
  3 wizards
  2 deep trolls (Vaults:1)
  4 naga ritualists
  2 orc knights (Orc:2)
  3 bog bodies
  A phantasmal warrior (D:14)
  5 swamp dragons
  27 deep elf pyromancers
  A necromancer (D:14)
  6 ironbound convokers
  18 deep elf zephyrmancers
  6 mana vipers
  13 ugly things
  9 salamanders
  3 large abominations
  A faun (shapeshifter) (Lair:6)
  A cyclops (shapeshifter) (Elf:1)
  An oklob plant (Orc:2)
  2 manticores
  3 will-o-the-wisps
  6 orc sorcerers
  3 cyclopes
  5 elephants (Lair:1)
  A wolf spider (D:15)
  12 guardian serpents
  22 black mambas
  A vault sentinel (Vaults:2)
  A torpor snail (Lair:2)
  A gargoyle (D:14)
  Maurice (D:11)
  8 naga magi
  A smoke demon (Lair:6)
  5 cane toads
  4 komodo dragons
  5 yaktaurs (Vaults:1)
  An ancient zyme (Lair:6)
  2 tengu conjurers (D:14)
  4 trolls
  2 tyrant leeches
  15 hornets
  A bloated husk (Swamp:1)
  A wind drake (shapeshifter) (Elf:1)
  A saltling (Vaults:1)
  6 dream sheep (Lair:6)
  9 blink frogs
  21 slime creatures
  A water elemental (Elf:2)
  3 ynoxinuls
  13 spriggans
  6 air elementals
  24 yaks
  2 vampires (D:13)
  10 wraiths
  5 wyverns
  A yak (shapeshifter) (D:15)
  5 basilisks
  4 fire elementals
  A steam dragon (D:7)
  2 chaos spawn (Lair:6)
  12 vampire mosquitoes
  Grum (D:10)
  4 wargs (Orc:1)
  27 nagas
  2 acid dragons
  9 swamp worms
  7 water moccasins
  Duvessa (D:7)
  2 ice beasts
  6 swamp drakes
  19 orc warriors
  2 starcursed masses (Abyss:2)
  A sky beast (shapeshifter) (D:13)
  A black bear (D:6)
  A hornet zombie (D:8)
  13 ogres
  8 wolves
  7 centaurs
  A phantom (D:7)
  5 bullfrogs
  11 kobold brigands
  2 gnoll sergeants
  6 scorpions
  2 earth elementals (Elf:1)
  A wyvern zombie (D:8)
  8 wights
  3 small abominations (Lair:6)
  Dowan (D:7)
  4 killer bees (D:9)
  4 howler monkeys
  6 electric eels
  A centaur zombie (D:8)
  A lava snake (D:15)
  4 hounds
  A jelly (D:4)
  15 orc priests
  A gnoll shaman (D:9)
  2 iguanas
  23 orc wizards
  A killer bee zombie (D:8)
  A howler monkey zombie (D:8)
  8 adders
  12 gnolls
  A white imp (Abyss:2)
  2 worms
  5 dart slugs
  56 orcs
  7 bats
  6 endoplasms
  2 giant cockroaches
  6 goblins
  7 hobgoblins
  7 jackals
  24 kobolds
  8 quokkas
  3 ball pythons
  9 frilled lizards
  10 rats
  A briar patch (Swamp:4)
  A bush (Lair:6)
916 creatures vanquished.

Vanquished Creatures (collateral kills)
  A tentacled monstrosity (Swamp:1)
  A nagaraja (Snake:2)
  Roxanne (Snake:1)
  3 vault wardens (Vaults:1)
  2 ironbound preservers (Vaults:1)
  2 very ugly things
  2 dire elephants (Vaults:2)
  2 deep elf death magi (Elf:3)
  An eidolon (Abyss:2)
  3 great orbs of eyes
  A salamander tyrant (Snake:4)
  Fannar (Lair:2)
  A vault guard (Vaults:1)
  12 hydras
  3 two-headed ogres
  An ogre mage (D:15)
  An ironbound frostheart (Vaults:1)
  6 naga warriors
  A centaur warrior (Vaults:1)
  3 anacondas
  5 dancing weapons
  5 alligators
  An orc high priest (Orc:2)
  Urug (Lair:5)
  A naga sharpshooter (Snake:4)
  4 shock serpents
  2 thrashing horrors (Abyss:2)
  3 deep elf knights
  2 spriggans (Swamp:2)
  2 salamander mystics
  A goliath frog (Swamp:1)
  8 deep trolls (Vaults:1)
  A steelbarb worm (shapeshifter) (Lair:6)
  2 swamp dragons (Swamp:4)
  A deep elf archer (Elf:2)
  3 bog bodies (Swamp:4)
  A wizard (Vaults:1)
  A naga ritualist (Snake:2)
  2 deep elf zephyrmancers
  2 orc knights (Orc:2)
  5 harpies (Vaults:2)
  3 ironbound convokers
  4 lindwurms (Vaults:1)
  3 deep elf pyromancers
  A necromancer (Vaults:1)
  7 salamanders
  A cyclops (D:11)
  11 ugly things
  2 elephants (Lair:1)
  2 manticores
  2 vault sentinels
  9 black mambas
  2 guardian serpents
  A naga mage (D:15)
  An orange demon (D:11)
  A torpor snail (Lair:4)
  3 cane toads
  An unseen horror (Abyss:2)
  5 komodo dragons
  3 yaktaurs (Vaults:1)
  An ancient zyme (Lair:6)
  2 trolls (Orc:1)
  3 tyrant leeches
  2 hornets (Swamp:2)
  11 slime creatures
  A saltling (Vaults:1)
  8 blink frogs
  4 dream sheep (Lair:5)
  An air elemental (Elf:1)
  A wraith (D:10)
  7 yaks
  A shadow (D:12)
  A battlemage (Vaults:1)
  3 basilisks
  2 fire elementals
  2 ynoxinuls
  5 wyverns
  5 vampire mosquitoes (D:14)
  3 hogs (Snake:4)
  6 nagas
  3 wargs
  A swamp worm (Swamp:4)
  7 water moccasins
  6 swamp drakes (Swamp:4)
  6 orc warriors
  3 ogres
  4 boggarts (Vaults:1)
  8 wolves
  3 centaurs
  9 bullfrogs
  An earth elemental (Elf:2)
  A scorpion (D:6)
  6 small abominations
  5 killer bees
  5 howler monkeys
  A centaur zombie (D:8)
  A quasit (Abyss:2)
  A jelly (D:7)
  2 orc priests (Orc:2)
  10 orc wizards
  3 killer bee zombies (D:8)
  6 gnolls
  A white imp (Abyss:2)
  A dart slug (D:4)
  18 orcs
  A kobold (D:11)
  A briar patch (Swamp:4)
346 creatures vanquished.

Vanquished Creatures (others)
  A bloated husk (Swamp:4)
  A blink frog (Lair:1)
  3 humans (Snake:4)
  An orc priest (Elf:1)
  40 battlemagi
  3 ancestors
  A worm (D:3)
  An orc (Elf:1)
  3 foxfires (Swamp:2)
  123 fulminant prisms
  38 fungi
  76 plants
291 creatures vanquished.

Grand Total: 1553 creatures vanquished

Table legend:
 A = Non-vault XP
 B = Vault XP
 C = Vault XP percentage of total XP
 D = Non-vault monster count
 E = Vault monster count
 F = Vault count percentage of total count
                 A         B        C        D         E       F
            +---------+---------+-------+---------+---------+-------
      Total |  303904 |  156991 |  34.1 |     914 |     345 |  27.4
            +---------+---------+-------+---------+---------+-------
        D:1 |      48 |       0 |   0.0 |      30 |       0 |   0.0
        D:2 |      37 |       0 |   0.0 |      20 |       0 |   0.0
        D:3 |     187 |      10 |   5.1 |      23 |       8 |  25.8
        D:4 |     245 |       0 |   0.0 |      21 |       0 |   0.0
        D:5 |     846 |       0 |   0.0 |      22 |       0 |   0.0
        D:6 |     462 |     396 |  46.2 |      14 |       4 |  22.2
        D:7 |    1098 |     487 |  30.7 |      22 |       5 |  18.5
        D:8 |    1857 |     547 |  22.8 |      28 |      10 |  26.3
        D:9 |    1396 |       0 |   0.0 |      30 |       0 |   0.0
       D:10 |    1502 |    1833 |  55.0 |      15 |       8 |  34.8
       D:11 |    5321 |    3825 |  41.8 |      16 |      15 |  48.4
       D:12 |    4871 |    1432 |  22.7 |      25 |      18 |  41.9
       D:13 |    8611 |       0 |   0.0 |      23 |       0 |   0.0
       D:14 |   16281 |    4358 |  21.1 |      38 |       7 |  15.6
       D:15 |   14093 |    1984 |  12.3 |      29 |       4 |  12.1
     Lair:1 |    8013 |     805 |   9.1 |      32 |       2 |   5.9
     Lair:2 |    5585 |    1369 |  19.7 |      13 |       4 |  23.5
     Lair:3 |    2824 |       0 |   0.0 |      10 |       0 |   0.0
     Lair:4 |    4117 |       0 |   0.0 |      20 |       0 |   0.0
     Lair:5 |    5371 |     792 |  12.9 |      19 |       1 |   5.0
     Lair:6 |    5690 |    9628 |  62.9 |      20 |      33 |  62.3
    Swamp:1 |    8303 |       0 |   0.0 |      17 |       0 |   0.0
    Swamp:2 |   20489 |       0 |   0.0 |      42 |       0 |   0.0
    Swamp:3 |    8337 |       0 |   0.0 |      14 |       0 |   0.0
    Swamp:4 |   15872 |   17226 |  52.0 |      28 |      29 |  50.9
    Snake:1 |    9086 |   10004 |  52.4 |      23 |      17 |  42.5
    Snake:2 |   15294 |    5556 |  26.6 |      29 |       9 |  23.7
    Snake:3 |   11180 |    3119 |  21.8 |      19 |       5 |  20.8
    Snake:4 |   24538 |   20794 |  45.9 |      44 |      29 |  39.7
      Orc:1 |    2876 |    1858 |  39.2 |      23 |      13 |  36.1
      Orc:2 |    3851 |    8889 |  69.8 |      38 |      26 |  40.6
      Elf:1 |   26774 |   13004 |  32.7 |      42 |      28 |  40.0
      Elf:2 |   12455 |     818 |   6.2 |      22 |       1 |   4.3
      Elf:3 |   19398 |   25520 |  56.8 |      32 |      23 |  41.8
   Vaults:1 |   28296 |   18014 |  38.9 |      41 |      31 |  43.1
   Vaults:2 |    8700 |    4723 |  35.2 |      13 |       7 |  35.0
    Abyss:2 |       0 |       0 |   N/A |      17 |       8 |  32.0
            +---------+---------+-------+---------+---------+-------

Illustrated notes

Table legend:
 A = Kills in this place as a percentage of kills in entire the game.
 B = Kills by you in this place as a percentage of kills by you in the entire game.
 C = Kills by friends in this place as a percentage of kills by friends in the entire game.
 D = Other kills in this place as a percentage of other kills in the entire game.
 E = Experience gained in this place as a percentage of experience gained in the entire game.
 F = Experience gained in this place divided by the number of levels of this place that you have seen.
                   A       B       C       D       E      F
               +-------+-------+-------+-------+-------+----------------------
         Total | 100.0 | 100.0 | 100.0 | 100.0 | 100.0 | 11241.3
       Dungeon |  34.6 |  38.7 |  23.5 |   0.0 |  15.6 | 4781.8
          Lair |  12.2 |   9.8 |  18.6 |   0.0 |   9.6 | 7365.7
         Swamp |  10.3 |  10.4 |  10.2 |   0.0 |  15.2 | 17556.8
     Snake Pit |  13.9 |  14.2 |  13.1 |   0.0 |  21.6 | 24892.8
  Orcish Mines |   7.9 |   7.5 |   9.0 |   0.0 |   3.8 | 8737.0
   Elven Halls |  11.8 |  13.8 |   6.1 | 100.0 |  21.3 | 32656.3
        Vaults |   7.3 |   3.9 |  16.3 |   0.0 |  13.0 | 29866.5
         Abyss |   2.0 |   1.5 |   3.2 |   0.0 |   0.0 |   0.0
               +-------+-------+-------+-------+-------+----------------------

Table legend: (Time is in decaauts)
 A = Elapsed time spent in this place.
 B = Non-inter-level travel time spent in this place.
 C = Inter-level travel time spent in this place.
 D = Time resting spent in this place.
 E = Time spent auto-exploring this place.
 F = Levels seen in this place.
 G = Mean time per level.
                   A        B        C        D        E       F      G
               +--------+--------+--------+--------+--------+-----+--------+
         Total |  49817 |  44940 |   4877 |  13354 |  16576 |  41 | 1215.0 |
       Dungeon |  20685 |  17744 |   2941 |   4161 |   9110 |  15 | 1379.0 |
        Temple |      8 |      5 |      3 |      0 |      0 |   1 |    8.0 |
          Lair |   8852 |   8087 |    765 |   2425 |   3579 |   6 | 1475.3 |
         Swamp |   2992 |   2804 |    188 |    783 |    886 |   4 |  748.0 |
     Snake Pit |   6821 |   6406 |    415 |   2627 |   1270 |   4 | 1705.2 |
  Orcish Mines |   2310 |   2202 |    108 |    615 |    675 |   2 | 1155.0 |
   Elven Halls |   5778 |   5424 |    354 |   2132 |    718 |   3 | 1926.0 |
        Vaults |   1985 |   1884 |    101 |    610 |    338 |   2 |  992.5 |
         Abyss |    199 |    199 |      0 |      0 |      0 |   2 |   99.5 |
        Bazaar |    136 |    136 |      0 |      0 |      0 |   1 |  136.0 |
         Trove |     46 |     46 |      0 |      0 |      0 |   1 |   46.0 |
               +--------+--------+--------+--------+--------+-----+--------+

Top non-repeatable levels by time:
  Lair:6: 2273 daAuts
    D:12: 2212 daAuts
   Elf:1: 2198 daAuts
   Elf:3: 2168 daAuts
     D:7: 2047 daAuts
 Snake:1: 2022 daAuts
 Snake:4: 2016 daAuts
  Lair:2: 2014 daAuts
Vaults:1: 1807 daAuts
    D:11: 1638 daAuts
  Lair:1: 1630 daAuts
     D:4: 1530 daAuts
 Snake:3: 1495 daAuts
     D:1: 1492 daAuts
    D:10: 1476 daAuts
